 Dungeon Crawl Stone Soup version 0.30.1-9-gdf580d7c3d (webtiles) character file.

Game seed: 11176979648285437208

43 Descartes the Trooper (level 3, -1/20 HPs)
             Began as a Vine Stalker Fighter on Sept 28, 2023.
             Slain by a gnoll
             ... wielding a +0 flail
              (4 damage)
             ... on level 2 of the Dungeon.
             The game lasted 00:01:29 (1256 turns).

Descartes the Trooper (Vine Stalker Fighter)        Turns: 1256, Time: 00:01:29

Health: -1/20      AC:  6    Str: 20    XL:     3   Next: 58%
Magic:  0/4        EV:  9    Int:  8    God:
Gold:   48         SH:  4    Dex: 13    Spells: 2/2 levels left

rFire   . . .        a - +0 war axe
rCold   . . .        c - +0 buckler
rNeg    . . .        b - +0 scale mail
rPois   .            (no helmet)
rElec   .            (no cloak)
rCorr   .            (no gloves)
SInv    .            (no boots)
Will    .....        i - amulet of regeneration Stlth
                     (no ring)
HPRegen 1.03/turn    (no ring)
MPRegen 0.09/turn

%: guardian spirit
@: lethally poisoned (-1 -> -7)
A: fangs 2, magic shield, antimagic bite, no potion heal 2
a: no special abilities


You were on level 2 of the Dungeon.
You visited 1 branch of the dungeon, and saw 2 of its levels.

You collected 48 gold pieces.

Inventory:

Hand Weapons
 a - a +0 war axe (weapon)
Missiles
 p - 7 poisoned darts (quivered)
Armour
 b - a +0 scale mail (worn)
 c - a +0 buckler (worn)
Jewellery
 i - an amulet of regeneration (around neck)
 k - a +4 ring of slaying
Scrolls
 e - 6 scrolls of identify {unknown}
 f - 4 scrolls of magic mapping {unknown}
 g - 2 scrolls of teleportation {unknown}
 j - a scroll of poison {unknown}
 n - a scroll of vulnerability {unknown}
Potions
 d - a potion of might
 h - a potion of curing {unknown}
 l - a potion of degeneration {unknown}
 m - a potion of ambrosia {unknown}
 o - a potion of attraction {unknown}


   Skills:
 + Level 3.1 Fighting
 + Level 2.2 Axes
 + Level 2.8 Armour
 + Level 3.0 Shields


You had 2 spell levels left.
You didn't know any spells.
Your spell library contained the following spells:

 Spells                   Type           Power      Damage    Failure   Level
 Slow                     Hex            0%         N/A       83%         1
 Confusing Touch          Hex            0%         N/A       99%         3
 Vampiric Draining        Necr           0%         2d6       99%         3


Dungeon Overview and Level Annotations

Branches:
Dungeon (2/15)

Altars:


Innate Abilities, Weirdness & Mutations

You have extremely sharp teeth.
When hurt, damage is shared between your health and your magic reserves.
Your bite disrupts and absorbs the magic of your enemies.
Potions cannot restore your health.


Message History

You slash the hobgoblin!
You kill the hobgoblin!
You hit the plant. You hit the ball python.
You kill the ball python!
No target in view!
No target in view!
No target in view!
No target in view!
No target in view!
No target in view!
No target in view!
No target in view!
No target in view!
No target in view!
A nearby plant withers and dies.
You see here a hobgoblin corpse.
p - 2 poisoned darts
Things that are here:
a +0 club; a +0 sling; a +0 ring mail of fire resistance
There is an escape hatch in the floor here.
Found a stone staircase leading up.
Things that are here:
a +0 whip; 5 stones; a kobold skeleton
p - 7 poisoned darts (gained 5)
A gnoll comes into view. It is wielding a +0 flail.
The gnoll shouts!
You hear a shout!
A gnoll comes into view. It is wielding a +0 whip.
A hobgoblin comes into view.
The hobgoblin shouts!
The gnoll shouts!
You hear a shout!
A gnoll comes into view. It is wielding a +0 halberd of venom.
The gnoll hits you but does no damage. You block the gnoll's attack.
You slash the gnoll! You bite the gnoll. You drain its power.
The gnoll is almost dead.
You closely miss the gnoll. The gnoll hits you with a +0 whip.
The gnoll closely misses you. The gnoll hits you with a +0 flail.
The gnoll hits you from afar with a +0 halberd of venom!
* * * LOW HITPOINT WARNING * * *
You are lethally poisoned!
The gnoll hits you with a +0 flail.
You die...

.. #.# #.###.##
#.# ....#.. #.#
#.....# #.#
#.....# #.#
#.g...# #####.##
######g....#
.......#
.......gg..#
#####..##### #@#
...........#####.#
##########.#.....#
.......#...#.#####
######.#.###.#
...#.....###.#
##.#.#.......##
...#.#######..#
#..#.......##.#


You could see 3 gnolls and a hobgoblin.

Vanquished Creatures
  2 dart slugs (D:1)
  2 bats (D:1)
  2 endoplasms (D:1)
  2 giant cockroaches (D:2)
  4 goblins
  4 hobgoblins
  A jackal (D:1)
  6 kobolds
  A quokka (D:1)
  7 ball pythons
  3 frilled lizards (D:1)
  5 rats (D:1)
39 creatures vanquished.

Notes
Turn   | Place    | Note
-------+----------+-------------------------------------------
     0 | D:1      | Descartes the Vine Stalker Fighter began the quest for the
                  | Orb.
     0 | D:1      | Reached XP level 1. HP: 11/11 MP: 2/2
   237 | D:1      | Reached XP level 2. HP: 10/16 MP: 1/3
   349 | D:1      | Found a faded altar of an unknown god.
   568 | D:1      | Reached XP level 3. HP: 20/20 MP: 4/4
  1256 | D:2      | Slain by a gnoll

Illustrated notes

Levels and vault maps discovered:
D:1:      dpeg_arrival_round_a, layout_basic, shapermc_ecumenical_altar_venn,
          chequers_serial_rivers_small_b, minivault_23, minmay_tromino_v4_a
D:2:      layout_basic, kennysheep_minor_cross, grunt_decor_arrowhead,
          serial_bayou_lake_a, uniq_jessica

Skill      XL: |  1  2  3 |
---------------+----------+-----
Axes           | 2 |  2.2
Fighting       | 3 |  3.1
Shields        | 3 |  3.0
Armour         | |  2.8

Action                     || total
---------------------------++-------
  Melee: War axe           ||    80
         Bite              ||    16
 Armour: Scale mail        ||    48
  Dodge: Dodged            ||    38
  Block: Buckler           ||    27
